AoeStats
← Infadel

Arabia

509003665Analyzed
1v1 RM · 8d ago on Sep 25, 2026· 29m 44s· 2 players
Game mode
Random Map
Map size
Tiny (2 player)
Population
200
Speed
Normal
Resources
Standard
Victory
Conquest
Starting age
Dark Age
Ending age
Imperial Age
RankedLock teamsTeams togetherTeam positionsShared explorationLock speedFull tech treeHidden civsTurbo modeCheats
Victory
Defeat
🇮🇳 Hindustanis · India
1101
+15
🇨🇴 Tatars · Colombia
1079
-15
DS_OR1G1N
6:28 Loom
9:22 Feudal Age
9:57 Double-Bit Axe
18:36 Wheelbarrow
21:40 Castle Age
20:04 Horse Collar
20:17 Gold Mining
20:52 Fletching
21:34 Padded Archer Armor
21:47 Bloodlines
22:24 Bodkin Arrow
22:38 Husbandry
25:02 Ballistics
Infadel
7:18 Loom
9:47 Feudal Age
10:48 Double-Bit Axe
15:41 Horse Collar
18:02 Gold Mining
20:15 Castle Age
19:36 Bloodlines
20:20 Forging
20:29 Scale Barding Armor
21:37 Iron Casting
21:41 Bow Saw
22:01 Town Watch
23:50 Gold Shaft Mining
23:06 Stone Mining
26:51 Chain Barding Armor
29:13 Husbandry
Connection lost

Rejoining the realm…

Still unreachable

The connection could not be restored.

Session expired

The server has moved on; the page needs a fresh start.